[ AOE2 MATCH · #466725722 ]
UnrankedTurks vs Tatars
[ REPLAY ANALYSIS · EXTRACTED FROM THE RECORDED GAME ]
Feudal
8:02
Castle
11:38
Imperial
24:54
| APM avg | 38.2 |
| APM peak | 76 |
| eAPM avg | 24.8 |
| Villagers / military | 248 / 1230 |
Focus
⚔️ 44.3% · 🌾 55.7%
Scout Cavalry ×1159 · Trade Cart ×57 · Janissary ×37 · Camel Scout ×21 · Bombard Cannon ×11 · Trebuchet (Packed) ×2
Feudal
7:16
Castle
11:23
Imperial
25:23
| APM avg | 53.3 |
| APM peak | 94 |
| eAPM avg | 40.7 |
| Villagers / military | 218 / 650 |
Focus
⚔️ 52.2% · 🌾 47.8%
Bolas Rider ×525 · Unknown (2550) ×136 · Kona ×96 · Trade Cart ×95 · Mangonel ×19 · Monk ×3
Feudal
9:07
Castle
13:02
Imperial
25:58
| APM avg | 29.6 |
| APM peak | 70 |
| eAPM avg | 28.1 |
| Villagers / military | 197 / 2305 |
Focus
⚔️ 60.9% · 🌾 39.1%
Spearman ×1174 · Skirmisher ×1090 · Trade Cart ×54 · Battering Ram ×23 · Unknown (1959) ×14 · Archer ×12
Feudal
7:53
Castle
11:24
Imperial
23:44
| APM avg | 67.7 |
| APM peak | 102 |
| eAPM avg | 52.5 |
| Villagers / military | 352 / 874 |
Focus
⚔️ 45.2% · 🌾 54.8%
Spearman ×324 · Skirmisher ×289 · Fire Lancer ×107 · Scout Cavalry ×90 · Militia ×25 · Bombard Cannon ×11
Feudal
8:02
Castle
11:38
Imperial
25:56
| APM avg | 55.4 |
| APM peak | 75 |
| eAPM avg | 31.9 |
| Villagers / military | 166 / 1058 |
Focus
⚔️ 46.5% · 🌾 53.5%
Skirmisher ×843 · Elephant Archer ×178 · Trade Cart ×36 · Armored Elephant ×21 · Mangonel ×10 · Trebuchet (Packed) ×5
Feudal
8:01
Castle
11:31
Imperial
25:38
| APM avg | 41.6 |
| APM peak | 72 |
| eAPM avg | 31.1 |
| Villagers / military | 219 / 1132 |
Focus
⚔️ 44.5% · 🌾 55.5%
Scout Cavalry ×616 · Knight ×324 · Spearman ×182 · Trade Cart ×140 · Bombard Cannon ×4 · Trebuchet (Packed) ×4
Feudal
7:36
Castle
11:31
Imperial
22:31
| APM avg | 63.9 |
| APM peak | 162 |
| eAPM avg | 54.6 |
| Villagers / military | 298 / 648 |
Focus
⚔️ 35.3% · 🌾 64.7%
Spearman ×376 · Unknown (1952) ×297 · Skirmisher ×239 · Trade Cart ×50 · Battering Ram ×29 · Unknown (1954) ×5
Feudal
8:38
Castle
12:08
Imperial
24:30
| APM avg | 39.7 |
| APM peak | 88 |
| eAPM avg | 25.2 |
| Villagers / military | 311 / 1103 |
Focus
⚔️ 33.0% · 🌾 67.0%
Spearman ×617 · Skirmisher ×237 · Cavalry Archer ×209 · Battering Ram ×32 · Trebuchet (Packed) ×6 · Monk ×2
Match map
Initial resources + every placement click. Lines = walls · curves = elevation contours. ◆ gold · ⬟ stone · ● berries · ✦ relic · ◌ wall gap
Your base· ✓ Closed at 11:38 · 0t walls · 3 gate(s)
_LY_抖音肥龙's base· ✓ Closed at 11:23 · 1t walls · 5 gate(s)
black empire lao lei's base· ✓ Closed at 13:02 · 0t walls · 3 gate(s)
我的刀盾's base· ✓ Closed at 11:24 · 3t walls · 5 gate(s)
龙门飞甲雨化田's base· ✓ Closed at 11:38 · 0t walls · 2 gate(s)
yuyuyuyuyu's base· ✓ Closed at 11:31 · 7t walls · 6 gate(s)
Cannon's base· ✓ Closed at 11:31 · 0t walls · 3 gate(s)
直帝选手一碰就碎's base· ✓ Closed at 12:08 · 0t walls · 2 gate(s)
Smoothed initial terrain · ◌ = detected wall gap · hover for details
Inputs per minute
— 元子 - - _LY_抖音肥龙
Build order — 元子
First 150 of 811 actions detected
| 0:01 | Create | Villager (Male) ×2 |
| 0:07 | Build | Lumber Camp |
| 0:42 | Create | Villager (Male) |
| 0:50 | Create | Villager (Male) |
| 1:22 | Build | House |
| 1:24 | Build | House |
| 1:35 | Create | Villager (Male) ×2 |
| 1:35 | Create | Villager (Male) ×2 |
| 1:50 | Build | House |
| 2:15 | Build | Mill |
| 2:22 | Create | Villager (Male) |
| 2:38 | Create | Villager (Male) |
| 2:38 | Create | Villager (Male) |
| 2:39 | Create | Villager (Male) |
| 2:54 | Build | House |
| 3:19 | Create | Villager (Male) ×5 |
| 3:34 | Build | Mill |
| 4:17 | Build | Farm |
| 5:24 | Build | Mining Camp |
| 5:27 | Create | Villager (Male) |
| 5:28 | Research | Feudal Age |
| 6:28 | Create | Villager (Male) |
| 6:28 | Create | Villager (Male) |
| 8:02 | Age | Feudal Age |
| 8:04 | Build | Market |
| 8:05 | Build | Blacksmith |
| 8:28 | Build | Lumber Camp |
| 8:34 | Build | Lumber Camp |
| 8:45 | Research | Double-Bit Axe |
| 8:58 | Research | Castle Age |
| 8:58 | Research | Castle Age |
| 9:33 | Research | Horse Collar |
| 9:33 | Research | Horse Collar |
| 10:01 | Create | Villager (Male) |
| 10:01 | Create | Villager (Male) |
| 10:12 | Build | Farm |
| 10:19 | Build | Farm |
| 10:33 | Build | Farm |
| 11:38 | Age | Castle Age |
| 11:40 | Build | Town Center |
| 11:42 | Build | Town Center |
| 11:50 | Research | Bow Saw |
| 11:50 | Research | Bow Saw |
| 11:56 | Create | Villager (Male) |
| 12:12 | Build | Farm |
| 12:19 | Create | Villager (Male) |
| 12:34 | Build | Farm |
| 12:48 | Build | Farm |
| 12:50 | Research | Wheelbarrow |
| 12:52 | Create | Villager (Male) |
| 12:53 | Create | Villager (Male) |
| 12:58 | Build | Farm |
| 13:14 | Create | Villager (Male) |
| 13:14 | Create | Villager (Male) |
| 13:18 | Build | Farm |
| 13:21 | Build | Farm |
| 13:27 | Build | Farm |
| 13:27 | Build | Farm |
| 13:29 | Create | Villager (Male) |
| 13:37 | Build | Farm |
| 13:37 | Build | Farm |
| 13:50 | Create | Villager (Male) |
| 14:10 | Build | Town Center |
| 14:18 | Create | Villager (Male) ×2 |
| 14:24 | Build | Farm |
| 14:25 | Create | Villager (Male) |
| 14:25 | Create | Villager (Male) |
| 14:35 | Build | House |
| 14:37 | Build | House |
| 14:38 | Build | House |
| 14:39 | Build | House |
| 14:41 | Create | Villager (Male) |
| 14:44 | Create | Villager (Male) |
| 14:44 | Create | Villager (Male) |
| 14:49 | Create | Villager (Male) |
| 14:50 | Create | Villager (Male) |
| 14:53 | Build | Farm |
| 15:00 | Build | Farm |
| 15:02 | Create | Villager (Male) ×2 |
| 15:03 | Create | Villager (Male) ×2 |
| 15:10 | Build | Farm |
| 15:15 | Create | Villager (Male) |
| 15:15 | Create | Villager (Male) |
| 15:20 | Build | Farm |
| 15:21 | Create | Villager (Male) |
| 15:22 | Create | Villager (Male) |
| 15:27 | Create | Villager (Male) |
| 15:28 | Create | Villager (Male) |
| 15:30 | Build | Farm |
| 15:39 | Create | Villager (Male) |
| 15:39 | Create | Villager (Male) |
| 15:44 | Build | Farm |
| 15:50 | Build | Farm |
| 15:51 | Create | Villager (Male) |
| 15:54 | Create | Villager (Male) |
| 15:54 | Create | Villager (Male) |
| 15:56 | Build | Farm |
| 15:58 | Create | Villager (Male) |
| 16:08 | Create | Villager (Male) |
| 16:09 | Create | Villager (Male) |
| 16:15 | Build | Farm |
| 16:15 | Build | Farm |
| 16:17 | Create | Villager (Male) ×2 |
| 16:24 | Build | Mill |
| 16:25 | Build | Farm |
| 16:27 | Create | Villager (Male) |
| 16:29 | Build | Farm |
| 16:32 | Create | Villager (Male) |
| 16:34 | Build | House |
| 16:36 | Build | House |
| 16:41 | Create | Villager (Male) ×2 |
| 16:59 | Build | Farm |
| 17:01 | Create | Villager (Male) |
| 17:01 | Create | Villager (Male) |
| 17:02 | Create | Villager (Male) |
| 17:02 | Create | Villager (Male) |
| 17:06 | Create | Villager (Male) |
| 17:07 | Create | Villager (Male) |
| 17:10 | Create | Villager (Male) |
| 17:11 | Create | Villager (Male) ×3 |
| 17:11 | Create | Villager (Male) ×3 |
| 17:12 | Create | Villager (Male) |
| 17:17 | Build | Farm |
| 17:24 | Build | Mining Camp |
| 17:30 | Create | Villager (Male) ×3 |
| 17:33 | Build | House |
| 17:40 | Build | House |
| 17:42 | Build | House |
| 17:52 | Build | Farm |
| 17:57 | Research | Heavy Plow |
| 17:57 | Research | Heavy Plow |
| 17:58 | Create | Villager (Male) ×4 |
| 18:00 | Build | Farm |
| 18:05 | Build | Farm |
| 18:07 | Build | Farm |
| 18:08 | Create | Villager (Male) ×2 |
| 18:09 | Create | Villager (Male) |
| 18:16 | Create | Villager (Male) |
| 18:27 | Build | Farm |
| 18:27 | Build | Farm |
| 18:28 | Build | Farm |
| 18:29 | Create | Villager (Male) ×4 |
| 18:33 | Build | Lumber Camp |
| 18:35 | Create | Villager (Male) |
| 18:38 | Build | House |
| 18:38 | Build | House |
| 18:41 | Build | Farm |
| 18:55 | Create | Villager (Male) ×4 |
| 18:59 | Build | Farm |
| 19:03 | Build | Farm |
Build order — _LY_抖音肥龙
First 150 of 1341 actions detected
| 0:00 | Create | Villager (Male) |
| 0:00 | Create | Villager (Male) |
| 0:19 | Build | Palisade Gate |
| 0:30 | Build | Palisade Gate |
| 0:40 | Build | Palisade Gate |
| 0:41 | Create | Villager (Male) |
| 0:54 | Build | Palisade Wall |
| 1:05 | Create | Villager (Male) |
| 1:05 | Create | Villager (Male) |
| 1:23 | Create | Villager (Male) |
| 1:42 | Build | Settlement |
| 1:56 | Create | Villager (Male) |
| 2:08 | Research | Loom |
| 2:10 | Create | Villager (Male) |
| 2:26 | Create | Villager (Male) |
| 2:46 | Create | Villager (Male) |
| 2:51 | Build | House |
| 2:59 | Create | Villager (Male) |
| 3:15 | Create | Villager (Male) |
| 3:49 | Build | Farm |
| 3:55 | Build | Farm |
| 3:57 | Create | Villager (Male) |
| 4:28 | Create | Villager (Male) |
| 5:04 | Research | Feudal Age |
| 6:59 | Create | Villager (Male) |
| 7:16 | Age | Feudal Age |
| 7:23 | Build | Blacksmith |
| 7:25 | Build | Market |
| 7:27 | Create | Villager (Male) |
| 7:59 | Create | Villager (Male) |
| 8:23 | Build | Farm |
| 8:43 | Research | Castle Age |
| 9:23 | Research | Double-Bit Axe |
| 10:00 | Build | House |
| 10:25 | Research | Horse Collar |
| 10:29 | Create | Villager (Male) |
| 10:36 | Build | House |
| 11:23 | Age | Castle Age |
| 11:26 | Build | Town Center |
| 11:27 | Create | Villager (Male) |
| 11:34 | Build | Town Center |
| 11:37 | Research | Bow Saw |
| 11:47 | Create | Villager (Male) |
| 12:21 | Create | Villager (Male) |
| 12:27 | Build | Farm |
| 12:29 | Build | Farm |
| 12:31 | Build | Farm |
| 12:41 | Build | Farm |
| 12:41 | Create | Villager (Male) |
| 12:45 | Create | Villager (Male) |
| 12:52 | Build | Farm |
| 12:53 | Create | Villager (Male) |
| 12:58 | Create | Villager (Male) |
| 12:59 | Build | Farm |
| 13:02 | Create | Villager (Male) |
| 13:09 | Create | Villager (Male) |
| 13:20 | Create | Villager (Male) |
| 13:23 | Build | Farm |
| 13:29 | Create | Villager (Male) |
| 13:31 | Build | Farm |
| 13:44 | Build | Farm |
| 13:46 | Create | Villager (Male) |
| 13:48 | Build | Farm |
| 13:56 | Create | Villager (Male) |
| 13:59 | Create | Villager (Male) |
| 14:01 | Build | Farm |
| 14:04 | Create | Villager (Male) |
| 14:11 | Build | Farm |
| 14:13 | Build | Farm |
| 14:14 | Create | Villager (Male) |
| 14:20 | Create | Villager (Male) |
| 14:27 | Build | Farm |
| 14:28 | Create | Villager (Male) |
| 14:32 | Build | Farm |
| 14:34 | Build | House |
| 14:38 | Create | Villager (Male) |
| 14:48 | Build | Farm |
| 14:49 | Create | Villager (Male) |
| 14:57 | Create | Villager (Male) |
| 15:08 | Create | Villager (Male) |
| 15:14 | Create | Villager (Male) |
| 15:16 | Create | Villager (Male) |
| 15:25 | Build | Town Center |
| 15:25 | Create | Villager (Male) |
| 15:32 | Build | House |
| 15:35 | Build | Farm |
| 15:35 | Create | Villager (Male) |
| 15:41 | Create | Villager (Male) |
| 15:44 | Build | Farm |
| 15:50 | Create | Villager (Male) |
| 15:53 | Build | Farm |
| 15:57 | Create | Villager (Male) |
| 16:02 | Build | House |
| 16:04 | Create | Villager (Male) |
| 16:07 | Build | Farm |
| 16:10 | Create | Villager (Male) |
| 16:12 | Build | Farm |
| 16:14 | Create | Villager (Male) |
| 16:20 | Create | Villager (Male) |
| 16:28 | Create | Villager (Male) |
| 16:35 | Create | Villager (Male) |
| 16:38 | Create | Villager (Male) |
| 16:42 | Build | Farm |
| 16:49 | Create | Villager (Male) |
| 16:51 | Build | House |
| 16:53 | Create | Villager (Male) |
| 16:54 | Build | Farm |
| 16:55 | Build | Farm |
| 17:03 | Create | Villager (Male) |
| 17:06 | Build | Farm |
| 17:08 | Create | Villager (Male) |
| 17:13 | Create | Villager (Male) |
| 17:19 | Build | Farm |
| 17:20 | Create | Villager (Male) |
| 17:27 | Create | Villager (Male) |
| 17:28 | Build | Farm |
| 17:31 | Build | Town Center |
| 17:34 | Create | Villager (Male) |
| 17:37 | Build | House |
| 17:38 | Create | Villager (Male) |
| 17:45 | Create | Villager (Male) |
| 17:51 | Build | Monastery |
| 17:52 | Create | Villager (Male) |
| 18:04 | Build | Farm |
| 18:07 | Build | House |
| 18:08 | Research | Wheelbarrow |
| 18:12 | Create | Villager (Male) |
| 18:15 | Build | Farm |
| 18:19 | Build | Farm |
| 18:20 | Create | Villager (Male) |
| 18:23 | Build | Farm |
| 18:27 | Create | Villager (Male) |
| 18:32 | Create | Villager (Male) |
| 18:35 | Create | Villager (Male) |
| 18:40 | Create | Villager (Male) |
| 18:44 | Build | Farm |
| 18:46 | Build | Farm |
| 18:48 | Create | Villager (Male) |
| 18:49 | Build | Farm |
| 18:52 | Build | House |
| 18:53 | Create | Monk |
| 18:54 | Create | Villager (Male) |
| 18:58 | Create | Villager (Male) |
| 19:02 | Build | Farm |
| 19:03 | Create | Villager (Male) |
| 19:07 | Create | Villager (Male) |
| 19:10 | Build | Farm |
| 19:11 | Create | Villager (Male) |
| 19:16 | Create | Villager (Male) |
| 19:21 | Build | Farm |
Build order — black empire lao lei
First 150 of 1418 actions detected
| 0:03 | Build | House |
| 0:13 | Build | Lumber Camp |
| 0:16 | Create | Villager (Male) |
| 0:17 | Create | Villager (Male) |
| 0:17 | Create | Villager (Male) |
| 0:21 | Build | House |
| 0:22 | Build | House |
| 0:23 | Build | House |
| 0:25 | Build | House |
| 0:46 | Create | Villager (Male) |
| 0:46 | Create | Villager (Male) |
| 0:46 | Create | Villager (Male) |
| 1:44 | Create | Villager (Male) |
| 1:44 | Create | Villager (Male) |
| 2:07 | Create | Villager (Male) |
| 2:07 | Create | Villager (Male) |
| 2:08 | Create | Villager (Male) |
| 2:08 | Create | Villager (Male) |
| 3:01 | Build | Mining Camp |
| 3:02 | Create | Villager (Male) |
| 3:03 | Create | Villager (Male) |
| 3:03 | Create | Villager (Male) |
| 3:25 | Create | Villager (Male) |
| 3:41 | Build | Mill |
| 3:46 | Create | Villager (Male) |
| 3:46 | Create | Villager (Male) |
| 4:17 | Create | Villager (Male) |
| 4:17 | Create | Villager (Male) |
| 4:17 | Create | Villager (Male) |
| 4:56 | Create | Villager (Male) |
| 6:06 | Build | Lumber Camp |
| 6:11 | Research | Feudal Age |
| 8:16 | Create | Villager (Male) |
| 8:16 | Create | Villager (Male) |
| 9:07 | Age | Feudal Age |
| 9:12 | Build | Market |
| 9:21 | Build | Blacksmith |
| 9:44 | Research | Double-Bit Axe |
| 9:46 | Research | Horse Collar |
| 9:53 | Create | Villager (Male) |
| 10:13 | Research | Castle Age |
| 10:22 | Build | Farm |
| 10:23 | Build | Farm |
| 10:26 | Build | Farm |
| 10:27 | Build | Farm |
| 10:28 | Build | Farm |
| 10:29 | Build | Farm |
| 10:31 | Build | Farm |
| 10:32 | Build | Farm |
| 10:36 | Build | Farm |
| 10:40 | Build | Farm |
| 11:15 | Build | House |
| 11:33 | Build | House |
| 12:18 | Build | House |
| 12:41 | Build | House |
| 12:43 | Build | House |
| 12:47 | Build | House |
| 12:53 | Create | Villager (Male) |
| 12:53 | Create | Villager (Male) |
| 13:02 | Age | Castle Age |
| 13:04 | Build | Town Center |
| 13:17 | Build | Town Center |
| 13:20 | Research | Bow Saw |
| 13:22 | Research | Heavy Plow |
| 13:24 | Create | Villager (Male) |
| 13:44 | Build | Farm |
| 13:45 | Build | Farm |
| 13:46 | Build | Farm |
| 13:47 | Build | Farm |
| 13:49 | Build | Farm |
| 13:52 | Build | Farm |
| 13:53 | Build | Farm |
| 13:56 | Create | Villager (Male) |
| 13:57 | Create | Villager (Male) |
| 14:15 | Create | Villager (Male) |
| 14:15 | Create | Villager (Male) |
| 14:19 | Create | Villager (Male) |
| 14:33 | Create | Villager (Male) |
| 14:34 | Create | Villager (Male) |
| 14:34 | Create | Villager (Male) |
| 14:36 | Build | House |
| 14:38 | Build | House |
| 14:39 | Build | House |
| 14:50 | Create | Villager (Male) |
| 14:50 | Create | Villager (Male) |
| 15:19 | Build | Farm |
| 15:20 | Build | Farm |
| 15:22 | Build | Farm |
| 15:24 | Build | Farm |
| 15:25 | Build | Farm |
| 15:27 | Build | Farm |
| 15:28 | Build | Farm |
| 15:29 | Create | Villager (Male) |
| 15:30 | Create | Villager (Male) |
| 15:30 | Create | Villager (Male) |
| 15:33 | Create | Villager (Male) |
| 15:34 | Create | Villager (Male) |
| 15:37 | Build | House |
| 15:39 | Build | House |
| 15:58 | Create | Villager (Male) |
| 16:00 | Create | Villager (Male) |
| 16:00 | Create | Villager (Male) |
| 16:08 | Create | Villager (Male) |
| 16:08 | Create | Villager (Male) |
| 16:17 | Create | Villager (Male) |
| 16:17 | Create | Villager (Male) |
| 16:28 | Build | Farm |
| 16:28 | Build | Farm |
| 16:28 | Build | Farm |
| 16:29 | Build | Farm |
| 16:29 | Build | Farm |
| 16:29 | Build | Farm |
| 16:29 | Build | Farm |
| 16:51 | Create | Villager (Male) |
| 16:52 | Create | Villager (Male) |
| 17:07 | Build | Town Center |
| 17:13 | Build | House |
| 17:14 | Build | House |
| 17:16 | Create | Villager (Male) |
| 17:29 | Create | Villager (Male) |
| 17:29 | Create | Villager (Male) |
| 17:41 | Build | Mill |
| 17:43 | Create | Villager (Male) |
| 17:43 | Create | Villager (Male) |
| 17:48 | Build | House |
| 17:50 | Build | House |
| 17:51 | Build | House |
| 18:02 | Create | Villager (Male) |
| 18:03 | Create | Villager (Male) |
| 18:13 | Build | Mining Camp |
| 18:14 | Create | Villager (Male) |
| 18:15 | Create | Villager (Male) |
| 18:18 | Create | Villager (Male) |
| 18:22 | Create | Villager (Male) |
| 18:23 | Create | Villager (Male) |
| 18:29 | Build | Town Center |
| 18:33 | Create | Villager (Male) |
| 18:33 | Create | Villager (Male) |
| 18:42 | Build | Farm |
| 18:43 | Build | Farm |
| 18:44 | Build | Farm |
| 18:46 | Build | Farm |
| 18:48 | Build | Farm |
| 18:48 | Build | Farm |
| 18:48 | Build | Farm |
| 18:50 | Build | Farm |
| 18:50 | Build | Farm |
| 18:50 | Build | Farm |
| 18:50 | Build | Farm |
| 18:51 | Build | Farm |
Build order — 我的刀盾
First 150 of 1434 actions detected
| 0:00 | Create | Villager (Male) |
| 0:00 | Create | Villager (Male) |
| 0:01 | Create | Villager (Male) |
| 0:04 | Build | Lumber Camp |
| 0:10 | Build | Lumber Camp |
| 0:37 | Create | Villager (Male) |
| 1:06 | Create | Villager (Male) |
| 1:23 | Build | House |
| 1:32 | Create | Villager (Male) |
| 1:43 | Create | Villager (Male) |
| 1:54 | Build | Palisade Wall |
| 1:59 | Build | Palisade Wall |
| 2:02 | Build | Palisade Gate |
| 2:09 | Build | Palisade Gate |
| 2:21 | Build | Palisade Gate |
| 2:23 | Research | Loom |
| 2:26 | Create | Villager (Male) |
| 2:27 | Build | Palisade Wall |
| 2:43 | Create | Villager (Male) |
| 2:54 | Build | Mill |
| 3:02 | Create | Villager (Male) |
| 3:38 | Create | Villager (Male) |
| 3:45 | Build | House |
| 4:03 | Create | Villager (Male) |
| 4:20 | Create | Villager (Male) |
| 5:01 | Create | Villager (Male) |
| 5:25 | Build | Mining Camp |
| 5:36 | Research | Feudal Age |
| 6:57 | Create | Villager (Male) |
| 6:58 | Create | Villager (Male) |
| 7:53 | Age | Feudal Age |
| 7:54 | Build | Market |
| 7:56 | Build | Blacksmith |
| 8:15 | Research | Double-Bit Axe |
| 8:15 | Research | Double-Bit Axe |
| 8:44 | Research | Castle Age |
| 9:12 | Research | Horse Collar |
| 9:12 | Research | Horse Collar |
| 9:39 | Build | Farm |
| 9:43 | Build | Farm |
| 9:55 | Build | House |
| 9:56 | Build | House |
| 10:52 | Create | Villager (Male) |
| 10:52 | Create | Villager (Male) |
| 11:24 | Age | Castle Age |
| 11:25 | Build | Town Center |
| 11:31 | Build | Town Center |
| 11:32 | Research | Bow Saw |
| 11:32 | Research | Bow Saw |
| 11:34 | Build | House |
| 11:41 | Build | Farm |
| 11:52 | Create | Villager (Male) |
| 11:57 | Build | Farm |
| 12:12 | Create | Villager (Male) |
| 12:13 | Build | Farm |
| 12:33 | Create | Villager (Male) |
| 12:36 | Create | Villager (Male) |
| 12:40 | Create | Villager (Male) |
| 12:42 | Build | Farm |
| 12:57 | Build | Farm |
| 13:01 | Create | Villager (Male) |
| 13:04 | Create | Villager (Male) |
| 13:09 | Build | Farm |
| 13:11 | Create | Villager (Male) |
| 13:14 | Create | Villager (Male) |
| 13:21 | Build | House |
| 13:25 | Build | Farm |
| 13:25 | Create | Villager (Male) |
| 13:37 | Create | Villager (Male) |
| 13:43 | Build | Farm |
| 13:47 | Build | Farm |
| 13:49 | Create | Villager (Male) |
| 13:59 | Create | Villager (Male) |
| 14:08 | Create | Villager (Male) |
| 14:10 | Build | Farm |
| 14:27 | Build | Farm |
| 14:27 | Create | Villager (Male) |
| 14:30 | Create | Villager (Male) |
| 14:33 | Build | Farm |
| 14:35 | Build | Farm |
| 14:36 | Create | Villager (Male) |
| 14:59 | Create | Villager (Male) |
| 15:00 | Create | Villager (Male) |
| 15:00 | Create | Villager (Male) |
| 15:05 | Build | Town Center |
| 15:10 | Build | Farm |
| 15:11 | Create | Villager (Male) |
| 15:22 | Create | Villager (Male) |
| 15:24 | Build | Farm |
| 15:29 | Create | Villager (Male) |
| 15:32 | Build | Farm |
| 15:33 | Create | Villager (Male) |
| 15:34 | Build | Farm |
| 15:35 | Create | Villager (Male) |
| 15:44 | Build | Farm |
| 15:47 | Build | Farm |
| 15:50 | Create | Villager (Male) |
| 15:54 | Build | House |
| 15:58 | Build | Farm |
| 16:00 | Create | Villager (Male) |
| 16:09 | Create | Villager (Male) |
| 16:12 | Create | Villager (Male) |
| 16:19 | Create | Villager (Male) |
| 16:20 | Build | Farm |
| 16:22 | Build | Farm |
| 16:23 | Create | Villager (Male) |
| 16:24 | Build | House |
| 16:28 | Create | Villager (Male) |
| 16:32 | Create | Villager (Male) |
| 16:37 | Build | Farm |
| 16:40 | Create | Villager (Male) |
| 16:44 | Build | House |
| 16:46 | Build | Farm |
| 16:50 | Create | Villager (Male) |
| 17:00 | Create | Villager (Male) |
| 17:05 | Create | Villager (Male) |
| 17:08 | Build | Farm |
| 17:11 | Create | Villager (Male) |
| 17:15 | Research | Wheelbarrow |
| 17:18 | Create | Villager (Male) |
| 17:23 | Build | Farm |
| 17:29 | Build | Outpost |
| 17:29 | Create | Villager (Male) |
| 17:35 | Build | Outpost |
| 17:38 | Research | Loom |
| 17:40 | Build | Farm |
| 17:42 | Create | Villager (Male) |
| 17:42 | Create | Villager (Male) |
| 17:45 | Build | Farm |
| 17:50 | Create | Villager (Male) |
| 17:52 | Build | Farm |
| 17:53 | Create | Villager (Male) |
| 17:56 | Create | Villager (Male) |
| 17:59 | Build | Farm |
| 18:04 | Build | Farm |
| 18:07 | Build | Outpost |
| 18:08 | Create | Villager (Male) |
| 18:13 | Build | House |
| 18:14 | Create | Villager (Male) |
| 18:28 | Build | Siege Workshop |
| 18:29 | Create | Villager (Male) |
| 18:32 | Build | Farm |
| 18:40 | Create | Villager (Male) |
| 18:42 | Build | Farm |
| 18:42 | Create | Villager (Male) |
| 18:46 | Create | Villager (Male) |
| 18:53 | Research | Heavy Plow |
| 18:53 | Research | Heavy Plow |
| 18:54 | Create | Villager (Male) |
| 18:55 | Create | Villager (Male) |
Build order — 龙门飞甲雨化田
First 150 of 1120 actions detected
| 0:01 | Create | Villager (Male) |
| 0:03 | Create | Villager (Male) |
| 0:07 | Build | Lumber Camp |
| 0:35 | Create | Villager (Male) |
| 0:56 | Build | House |
| 0:57 | Create | Villager (Male) |
| 1:21 | Create | Villager (Male) |
| 1:22 | Create | Villager (Male) |
| 1:43 | Build | House |
| 1:54 | Create | Villager (Male) |
| 1:55 | Create | Villager (Male) |
| 2:37 | Create | Villager (Male) |
| 2:37 | Create | Villager (Male) |
| 2:42 | Create | Villager (Male) |
| 3:01 | Build | Mill |
| 3:32 | Create | Villager (Male) |
| 3:33 | Create | Villager (Male) |
| 3:33 | Create | Villager (Male) |
| 4:38 | Create | Villager (Male) |
| 5:24 | Create | Villager (Male) |
| 5:52 | Research | Feudal Age |
| 6:12 | Build | House |
| 6:20 | Build | Farm |
| 7:53 | Create | Villager (Male) |
| 8:02 | Age | Feudal Age |
| 8:04 | Build | Market |
| 8:07 | Build | Blacksmith |
| 8:23 | Create | Villager (Male) |
| 8:35 | Create | Villager (Male) |
| 8:58 | Research | Castle Age |
| 8:59 | Research | Double-Bit Axe |
| 8:59 | Research | Double-Bit Axe |
| 9:05 | Research | Horse Collar |
| 9:17 | Build | House |
| 11:21 | Build | Farm |
| 11:22 | Build | Farm |
| 11:23 | Build | Farm |
| 11:26 | Build | Farm |
| 11:30 | Create | Villager (Male) |
| 11:38 | Age | Castle Age |
| 11:40 | Build | Town Center |
| 11:45 | Build | Town Center |
| 11:49 | Build | Farm |
| 11:50 | Build | Farm |
| 12:06 | Build | Farm |
| 12:09 | Create | Villager (Male) |
| 12:22 | Create | Villager (Male) |
| 12:25 | Build | House |
| 12:37 | Build | Farm |
| 12:43 | Create | Villager (Male) |
| 12:48 | Create | Villager (Male) |
| 12:53 | Create | Villager (Male) |
| 13:01 | Build | Farm |
| 13:05 | Build | Farm |
| 13:09 | Create | Villager (Male) |
| 13:10 | Create | Villager (Male) |
| 13:10 | Create | Villager (Male) |
| 13:18 | Build | House |
| 13:19 | Build | House |
| 13:24 | Create | Villager (Male) |
| 13:29 | Create | Villager (Male) |
| 13:31 | Build | Farm |
| 13:48 | Create | Villager (Male) |
| 13:48 | Create | Villager (Male) |
| 13:49 | Create | Villager (Male) |
| 13:49 | Create | Villager (Male) |
| 14:03 | Create | Villager (Male) |
| 14:09 | Build | Town Center |
| 14:13 | Build | House |
| 14:22 | Build | Monastery |
| 14:35 | Build | House |
| 14:39 | Build | House |
| 14:40 | Create | Villager (Male) |
| 14:42 | Create | Villager (Male) |
| 14:42 | Create | Villager (Male) |
| 14:49 | Build | Farm |
| 14:51 | Build | Farm |
| 14:53 | Build | Farm |
| 14:56 | Build | Farm |
| 14:58 | Build | Farm |
| 15:00 | Build | Farm |
| 15:03 | Create | Villager (Male) |
| 15:07 | Create | Villager (Male) |
| 15:11 | Build | House |
| 15:13 | Build | House |
| 15:19 | Create | Villager (Male) |
| 15:24 | Create | Villager (Male) |
| 15:25 | Build | Farm |
| 15:26 | Build | Farm |
| 15:28 | Create | Villager (Male) |
| 15:34 | Build | Town Center |
| 15:41 | Create | Villager (Male) |
| 15:45 | Build | Farm |
| 15:47 | Create | Villager (Male) |
| 15:56 | Build | Farm |
| 15:57 | Create | Villager (Male) |
| 15:58 | Create | Villager (Male) |
| 15:58 | Create | Villager (Male) |
| 16:02 | Build | Farm |
| 16:09 | Build | Farm |
| 16:13 | Create | Villager (Male) |
| 16:21 | Create | Villager (Male) |
| 16:25 | Create | Villager (Male) |
| 16:29 | Build | Farm |
| 16:31 | Build | Farm |
| 16:35 | Create | Villager (Male) |
| 16:35 | Create | Villager (Male) |
| 16:40 | Build | Farm |
| 16:42 | Create | Villager (Male) |
| 16:46 | Build | House |
| 16:47 | Build | House |
| 16:54 | Create | Villager (Male) |
| 16:55 | Create | Villager (Male) |
| 17:01 | Create | Villager (Male) |
| 17:05 | Create | Villager (Male) |
| 17:06 | Build | Farm |
| 17:07 | Build | Farm |
| 17:08 | Build | Farm |
| 17:11 | Build | Farm |
| 17:17 | Create | Villager (Male) |
| 17:18 | Create | Villager (Male) |
| 17:25 | Create | Villager (Male) |
| 17:30 | Create | Villager (Male) |
| 17:33 | Build | Farm |
| 17:34 | Build | Farm |
| 17:38 | Build | House |
| 17:42 | Create | Villager (Male) |
| 17:42 | Create | Villager (Male) |
| 17:49 | Create | Villager (Male) |
| 17:53 | Create | Villager (Male) |
| 17:54 | Create | Villager (Male) |
| 17:58 | Build | Monastery |
| 18:02 | Create | Villager (Male) |
| 18:02 | Create | Villager (Male) |
| 18:08 | Build | Lumber Camp |
| 18:20 | Create | Villager (Male) |
| 18:23 | Research | Bow Saw |
| 18:30 | Build | Farm |
| 18:31 | Build | Farm |
| 18:34 | Build | Farm |
| 18:36 | Create | Villager (Male) |
| 18:36 | Create | Villager (Male) |
| 18:37 | Create | Villager (Male) |
| 18:45 | Build | House |
| 18:46 | Build | House |
| 18:47 | Build | House |
| 18:50 | Create | Villager (Male) |
| 18:58 | Research | Loom |
| 18:58 | Create | Villager (Male) |
| 18:59 | Create | Villager (Male) |
Build order — yuyuyuyuyu
First 150 of 1199 actions detected
| 0:01 | Create | Villager (Male) |
| 0:01 | Create | Villager (Male) |
| 0:06 | Build | Lumber Camp |
| 0:40 | Create | Villager (Male) |
| 0:56 | Create | Villager (Male) |
| 0:56 | Create | Villager (Male) |
| 1:18 | Build | House |
| 1:20 | Build | House |
| 1:36 | Create | Villager (Male) |
| 1:37 | Create | Villager (Male) |
| 1:55 | Create | Villager (Male) |
| 2:38 | Build | Mill |
| 2:40 | Create | Villager (Male) |
| 2:40 | Create | Villager (Male) |
| 2:40 | Create | Villager (Male) |
| 3:17 | Build | Palisade Wall |
| 3:18 | Build | Palisade Gate |
| 3:22 | Build | Palisade Gate |
| 3:32 | Build | Palisade Gate |
| 3:35 | Build | Palisade Wall |
| 3:41 | Build | Palisade Wall |
| 3:52 | Create | Villager (Male) |
| 3:52 | Create | Villager (Male) |
| 3:52 | Create | Villager (Male) |
| 3:55 | Build | Palisade Wall |
| 3:57 | Build | Palisade Wall |
| 4:33 | Build | Farm |
| 5:22 | Create | Villager (Male) |
| 5:47 | Research | Feudal Age |
| 6:37 | Create | Villager (Male) |
| 6:38 | Create | Villager (Male) |
| 7:17 | Build | House |
| 8:01 | Age | Feudal Age |
| 8:03 | Build | Blacksmith |
| 8:05 | Build | Market |
| 8:48 | Research | Castle Age |
| 8:49 | Research | Castle Age |
| 9:11 | Research | Double-Bit Axe |
| 10:31 | Create | Villager (Male) |
| 10:32 | Create | Villager (Male) |
| 10:40 | Build | House |
| 11:31 | Age | Castle Age |
| 11:33 | Build | Town Center |
| 11:38 | Build | Town Center |
| 11:42 | Research | Bow Saw |
| 11:57 | Build | Farm |
| 12:05 | Build | Farm |
| 12:40 | Build | Monastery |
| 12:40 | Create | Villager (Male) |
| 12:41 | Create | Villager (Male) |
| 12:41 | Create | Villager (Male) |
| 12:41 | Create | Villager (Male) |
| 12:42 | Create | Villager (Male) |
| 12:42 | Create | Villager (Male) |
| 12:46 | Build | Farm |
| 12:48 | Build | Farm |
| 12:52 | Build | Farm |
| 12:53 | Build | Farm |
| 12:54 | Build | Farm |
| 12:55 | Build | Farm |
| 12:56 | Build | Farm |
| 12:58 | Create | Villager (Male) |
| 13:02 | Build | Farm |
| 13:21 | Build | Farm |
| 13:24 | Build | Farm |
| 13:32 | Build | Farm |
| 13:35 | Build | Farm |
| 13:38 | Create | Villager (Male) |
| 13:49 | Build | House |
| 13:50 | Build | House |
| 13:51 | Create | Villager (Male) |
| 13:53 | Build | Farm |
| 13:54 | Build | Farm |
| 13:58 | Build | Farm |
| 14:00 | Create | Villager (Male) |
| 14:05 | Build | Farm |
| 14:08 | Create | Villager (Male) |
| 14:22 | Create | Villager (Male) |
| 14:25 | Create | Villager (Male) |
| 14:41 | Create | Villager (Male) |
| 14:41 | Create | Villager (Male) |
| 14:47 | Build | Town Center |
| 14:51 | Create | Villager (Male) |
| 14:57 | Build | Farm |
| 15:03 | Create | Villager (Male) |
| 15:04 | Create | Villager (Male) |
| 15:04 | Create | Villager (Male) |
| 15:06 | Build | Farm |
| 15:10 | Create | Villager (Male) |
| 15:10 | Create | Villager (Male) |
| 15:13 | Build | House |
| 15:19 | Create | Villager (Male) |
| 15:25 | Build | Farm |
| 15:28 | Create | Villager (Male) |
| 15:30 | Build | Farm |
| 15:36 | Create | Villager (Male) |
| 15:36 | Create | Villager (Male) |
| 15:45 | Create | Villager (Male) |
| 15:50 | Build | Farm |
| 15:51 | Build | Farm |
| 15:52 | Create | Villager (Male) |
| 15:52 | Create | Villager (Male) |
| 15:58 | Create | Villager (Male) |
| 16:02 | Build | House |
| 16:03 | Create | Villager (Male) |
| 16:12 | Build | Farm |
| 16:15 | Create | Villager (Male) |
| 16:23 | Create | Villager (Male) |
| 16:23 | Create | Villager (Male) |
| 16:29 | Build | Farm |
| 16:31 | Create | Villager (Male) |
| 16:37 | Create | Villager (Male) |
| 16:37 | Create | Villager (Male) |
| 16:47 | Build | Farm |
| 16:50 | Create | Villager (Male) |
| 16:50 | Create | Villager (Male) |
| 16:52 | Create | Monk |
| 17:00 | Create | Villager (Male) |
| 17:01 | Create | Villager (Male) |
| 17:03 | Build | House |
| 17:04 | Build | House |
| 17:10 | Build | Farm |
| 17:11 | Create | Villager (Male) |
| 17:12 | Create | Villager (Male) |
| 17:27 | Create | Villager (Male) |
| 17:28 | Create | Villager (Male) |
| 17:28 | Create | Villager (Male) |
| 17:37 | Build | Town Center |
| 17:42 | Build | Farm |
| 17:44 | Create | Villager (Male) |
| 17:44 | Create | Villager (Male) |
| 17:48 | Build | Lumber Camp |
| 17:56 | Create | Villager (Male) |
| 17:58 | Create | Villager (Male) |
| 18:12 | Create | Villager (Male) |
| 18:13 | Create | Villager (Male) |
| 18:13 | Create | Monk |
| 18:26 | Create | Villager (Male) |
| 18:27 | Research | Wheelbarrow |
| 18:28 | Create | Villager (Male) |
| 18:31 | Build | Farm |
| 18:31 | Build | Farm |
| 18:35 | Build | House |
| 18:36 | Build | House |
| 18:36 | Build | House |
| 18:44 | Create | Villager (Male) |
| 18:44 | Create | Villager (Male) |
| 18:44 | Create | Villager (Male) |
| 18:44 | Create | Villager (Male) |
| 18:47 | Build | Farm |
Build order — Cannon
First 150 of 1662 actions detected
| 0:00 | Create | Villager (Male) |
| 0:01 | Create | Villager (Male) |
| 0:04 | Build | Lumber Camp |
| 0:29 | Create | Villager (Male) |
| 0:37 | Build | House |
| 0:55 | Build | House |
| 1:03 | Create | Villager (Male) |
| 1:03 | Create | Villager (Male) |
| 1:12 | Create | Villager (Male) |
| 1:12 | Create | Villager (Male) |
| 1:27 | Create | Villager (Male) |
| 1:49 | Create | Villager (Male) |
| 2:11 | Create | Villager (Male) |
| 2:22 | Build | Mill |
| 2:38 | Create | Villager (Male) |
| 2:51 | Create | Villager (Male) |
| 2:53 | Create | Villager (Male) |
| 3:21 | Create | Villager (Male) |
| 3:24 | Create | Villager (Male) |
| 3:38 | Create | Villager (Male) |
| 5:11 | Research | Feudal Age |
| 5:18 | Build | House |
| 5:36 | Build | Farm |
| 5:40 | Build | Farm |
| 5:43 | Build | Farm |
| 6:01 | Build | Farm |
| 6:06 | Create | Villager (Male) |
| 6:09 | Build | House |
| 6:46 | Create | Villager (Male) |
| 7:25 | Build | Farm |
| 7:36 | Age | Feudal Age |
| 7:39 | Build | Market |
| 7:46 | Create | Villager (Male) |
| 7:58 | Build | Blacksmith |
| 8:48 | Research | Castle Age |
| 9:18 | Research | Double-Bit Axe |
| 9:43 | Research | Horse Collar |
| 9:43 | Research | Horse Collar |
| 10:05 | Create | Villager (Male) |
| 11:05 | Research | Wheelbarrow |
| 11:15 | Build | Farm |
| 11:31 | Age | Castle Age |
| 11:33 | Build | Town Center |
| 11:34 | Create | Villager (Male) |
| 11:37 | Build | Town Center |
| 11:39 | Research | Bow Saw |
| 11:51 | Build | Farm |
| 12:04 | Create | Villager (Male) |
| 12:28 | Build | House |
| 12:32 | Create | Villager (Male) |
| 12:32 | Create | Villager (Male) |
| 12:35 | Create | Villager (Male) |
| 12:39 | Build | Mining Camp |
| 12:48 | Create | Villager (Male) |
| 12:51 | Build | Farm |
| 12:53 | Create | Villager (Male) |
| 12:53 | Create | Villager (Male) |
| 12:53 | Create | Villager (Male) |
| 13:01 | Create | Villager (Male) |
| 13:01 | Create | Villager (Male) |
| 13:03 | Build | House |
| 13:08 | Build | Farm |
| 13:14 | Build | Farm |
| 13:18 | Create | Villager (Male) |
| 13:20 | Create | Villager (Male) |
| 13:31 | Research | Gold Mining |
| 13:35 | Build | Farm |
| 13:36 | Build | Farm |
| 13:40 | Build | Farm |
| 13:47 | Build | House |
| 13:48 | Create | Villager (Male) |
| 13:48 | Create | Villager (Male) |
| 13:52 | Create | Villager (Male) |
| 13:52 | Create | Villager (Male) |
| 14:02 | Build | Farm |
| 14:16 | Create | Villager (Male) |
| 14:18 | Build | House |
| 14:21 | Build | Farm |
| 14:22 | Build | Farm |
| 14:22 | Create | Villager (Male) |
| 14:27 | Build | Farm |
| 14:29 | Build | Farm |
| 14:32 | Create | Villager (Male) |
| 14:39 | Create | Villager (Male) |
| 14:42 | Build | Farm |
| 14:46 | Create | Villager (Male) |
| 14:52 | Build | Farm |
| 14:55 | Create | Villager (Male) |
| 14:55 | Create | Villager (Male) |
| 15:04 | Build | House |
| 15:04 | Build | House |
| 15:05 | Build | House |
| 15:06 | Create | Villager (Male) |
| 15:11 | Create | Villager (Male) |
| 15:17 | Create | Villager (Male) |
| 15:17 | Create | Villager (Male) |
| 15:23 | Build | Farm |
| 15:25 | Create | Villager (Male) |
| 15:28 | Create | Villager (Male) |
| 15:38 | Create | Villager (Male) |
| 15:50 | Research | Heavy Plow |
| 15:51 | Create | Villager (Male) |
| 15:51 | Create | Villager (Male) |
| 15:52 | Create | Villager (Male) |
| 15:52 | Create | Villager (Male) |
| 15:57 | Create | Villager (Male) |
| 16:03 | Create | Villager (Male) |
| 16:03 | Create | Villager (Male) |
| 16:08 | Build | Farm |
| 16:17 | Create | Villager (Male) |
| 16:22 | Build | Farm |
| 16:24 | Create | Villager (Male) |
| 16:27 | Create | Villager (Male) |
| 16:29 | Build | House |
| 16:34 | Create | Villager (Male) |
| 16:37 | Research | Gold Shaft Mining |
| 16:37 | Create | Villager (Male) |
| 16:38 | Create | Villager (Male) |
| 16:40 | Build | Farm |
| 16:43 | Create | Villager (Male) |
| 16:56 | Build | House |
| 16:56 | Create | Villager (Male) |
| 17:02 | Create | Villager (Male) |
| 17:04 | Build | Farm |
| 17:07 | Create | Villager (Male) |
| 17:11 | Create | Villager (Male) |
| 17:11 | Create | Villager (Male) |
| 17:15 | Build | Monastery |
| 17:16 | Create | Villager (Male) |
| 17:28 | Create | Villager (Male) |
| 17:30 | Build | Farm |
| 17:31 | Create | Villager (Male) |
| 17:31 | Create | Villager (Male) |
| 17:34 | Build | House |
| 17:35 | Build | House |
| 17:35 | Create | Villager (Male) |
| 17:43 | Create | Villager (Male) |
| 17:50 | Build | Lumber Camp |
| 17:53 | Research | Stone Mining |
| 17:54 | Create | Villager (Male) |
| 17:57 | Build | Farm |
| 17:59 | Build | Farm |
| 18:00 | Create | Villager (Male) |
| 18:01 | Create | Villager (Male) |
| 18:08 | Build | University |
| 18:13 | Create | Monk |
| 18:24 | Create | Villager (Male) |
| 18:24 | Create | Villager (Male) |
| 18:26 | Create | Villager (Male) |
| 18:32 | Build | Farm |
Build order — 直帝选手一碰就碎
First 150 of 660 actions detected
| 0:02 | Create | Villager (Male) |
| 0:03 | Create | Villager (Male) |
| 0:09 | Build | Lumber Camp |
| 0:33 | Build | House |
| 0:34 | Build | House |
| 0:36 | Build | House |
| 0:38 | Build | House |
| 0:39 | Create | Villager (Male) |
| 0:39 | Create | Villager (Male) |
| 1:07 | Create | Villager (Male) |
| 1:08 | Create | Villager (Male) |
| 1:51 | Create | Villager (Male) |
| 2:08 | Build | Mill |
| 2:42 | Build | House |
| 2:43 | Create | Villager (Male) |
| 2:43 | Create | Villager (Male) |
| 2:57 | Create | Villager (Male) |
| 2:57 | Create | Villager (Male) |
| 3:20 | Build | Farm |
| 3:29 | Create | Villager (Male) |
| 3:30 | Create | Villager (Male) |
| 3:41 | Create | Villager (Male) |
| 4:03 | Build | Mill |
| 4:36 | Create | Villager (Male) |
| 4:39 | Create | Villager (Male) |
| 5:55 | Research | Feudal Age |
| 6:34 | Build | Mining Camp |
| 6:44 | Create | Villager (Male) |
| 6:44 | Create | Villager (Male) |
| 8:38 | Age | Feudal Age |
| 8:40 | Build | Market |
| 8:43 | Build | Blacksmith |
| 9:25 | Research | Castle Age |
| 9:47 | Research | Double-Bit Axe |
| 9:48 | Research | Horse Collar |
| 10:08 | Build | Farm |
| 10:34 | Create | Villager (Male) |
| 10:34 | Create | Villager (Male) |
| 10:51 | Build | Lumber Camp |
| 11:52 | Create | Villager (Male) |
| 11:52 | Create | Villager (Male) |
| 12:08 | Age | Castle Age |
| 12:12 | Build | Town Center |
| 12:17 | Build | Town Center |
| 12:32 | Build | Monastery |
| 12:37 | Create | Villager (Male) |
| 12:41 | Build | Farm |
| 12:42 | Create | Villager (Male) |
| 12:44 | Research | Bow Saw |
| 12:50 | Build | Farm |
| 12:53 | Create | Villager (Male) |
| 13:06 | Build | Farm |
| 13:25 | Create | Villager (Male) |
| 13:25 | Create | Villager (Male) |
| 13:30 | Create | Villager (Male) |
| 13:31 | Create | Monk |
| 13:31 | Create | Monk |
| 13:40 | Create | Villager (Male) |
| 13:40 | Create | Villager (Male) |
| 14:00 | Create | Villager (Male) |
| 14:01 | Create | Villager (Male) |
| 14:01 | Create | Villager (Male) |
| 14:01 | Create | Villager (Male) |
| 14:02 | Create | Villager (Male) |
| 14:02 | Create | Villager (Male) |
| 14:02 | Create | Villager (Male) |
| 14:02 | Create | Villager (Male) |
| 14:10 | Create | Villager (Male) |
| 14:22 | Build | House |
| 14:23 | Build | House |
| 14:24 | Build | House |
| 14:26 | Build | House |
| 14:30 | Build | Barracks |
| 14:37 | Build | Farm |
| 14:37 | Build | Farm |
| 14:38 | Build | Farm |
| 14:38 | Build | Farm |
| 14:40 | Create | Villager (Male) |
| 15:24 | Create | Villager (Male) |
| 15:26 | Create | Villager (Male) |
| 15:42 | Build | Town Center |
| 15:44 | Create | Villager (Male) |
| 15:44 | Create | Villager (Male) |
| 16:00 | Create | Villager (Male) |
| 16:07 | Build | Farm |
| 16:07 | Build | Farm |
| 16:07 | Build | Farm |
| 16:08 | Build | Farm |
| 16:14 | Build | Farm |
| 16:14 | Build | Farm |
| 16:14 | Build | Farm |
| 16:14 | Build | Farm |
| 16:15 | Build | Farm |
| 16:15 | Build | Farm |
| 16:35 | Create | Villager (Male) |
| 16:35 | Create | Villager (Male) |
| 17:01 | Create | Villager (Male) |
| 17:02 | Create | Villager (Male) |
| 17:02 | Create | Villager (Male) |
| 17:02 | Create | Villager (Male) |
| 17:02 | Create | Villager (Male) |
| 17:03 | Create | Villager (Male) |
| 17:03 | Create | Villager (Male) |
| 17:45 | Create | Villager (Male) |
| 17:45 | Create | Villager (Male) |
| 17:45 | Create | Villager (Male) |
| 17:45 | Create | Villager (Male) |
| 17:46 | Create | Villager (Male) |
| 17:46 | Create | Villager (Male) |
| 17:47 | Create | Villager (Male) |
| 17:52 | Build | House |
| 17:53 | Build | House |
| 17:54 | Build | House |
| 17:56 | Build | Farm |
| 17:59 | Build | Farm |
| 18:02 | Create | Villager (Male) ×3 |
| 18:20 | Create | Villager (Male) |
| 18:20 | Create | Villager (Male) |
| 18:20 | Create | Villager (Male) |
| 18:21 | Create | Villager (Male) |
| 18:23 | Create | Villager (Male) |
| 18:26 | Build | Archery Range |
| 18:29 | Build | Stable |
| 18:35 | Build | Farm |
| 18:36 | Build | Farm |
| 18:36 | Build | Farm |
| 18:36 | Build | Farm |
| 18:36 | Build | Farm |
| 18:39 | Create | Villager (Male) |
| 18:39 | Create | Villager (Male) |
| 18:57 | Research | Wheelbarrow |
| 18:58 | Research | Wheelbarrow |
| 18:58 | Research | Loom |
| 18:58 | Research | Loom |
| 18:59 | Research | Town Watch |
| 19:28 | Build | House |
| 19:29 | Build | House |
| 19:31 | Build | House |
| 19:32 | Build | House |
| 19:39 | Create | Villager (Male) |
| 19:40 | Create | Villager (Male) |
| 19:57 | Build | Castle |
| 20:07 | Create | Villager (Male) |
| 20:07 | Create | Villager (Male) |
| 20:16 | Create | Villager (Male) |
| 20:18 | Create | Villager (Male) |
| 20:18 | Create | Villager (Male) |
| 20:26 | Build | Farm |
| 20:26 | Build | Farm |
| 20:26 | Build | Farm |
Match timeline
| 0:54 | _LY_抖音肥龙 · wall_segment Palisade Wall x1 |
| 1:54 | 我的刀盾 · wall_segment Palisade Wall x1 |
| 1:59 | 我的刀盾 · wall_segment Palisade Wall x1 |
| 2:27 | 我的刀盾 · wall_segment Palisade Wall x1 |
| 3:17 | yuyuyuyuyu · wall_segment Palisade Wall x3 |
| 3:35 | yuyuyuyuyu · wall_segment Palisade Wall x1 |
| 3:41 | yuyuyuyuyu · wall_segment Palisade Wall x1 |
| 3:55 | yuyuyuyuyu · wall_segment Palisade Wall x1 |
| 3:57 | yuyuyuyuyu · wall_segment Palisade Wall x1 |
| 7:16 | _LY_抖音肥龙 · age_up feudal |
| 7:36 | Cannon · age_up feudal |
| 7:53 | 我的刀盾 · age_up feudal |
| 8:01 | yuyuyuyuyu · age_up feudal |
| 8:02 | 龙门飞甲雨化田 · age_up feudal |
| 8:02 | 元子 · age_up feudal |
| 8:14 | _LY_抖音肥龙 · first_market_sell 100 wood |
| 8:38 | 直帝选手一碰就碎 · age_up feudal |
| 9:07 | black empire lao lei · age_up feudal |
| 11:23 | _LY_抖音肥龙 · age_up castle |
| 11:24 | 我的刀盾 · age_up castle |
| 11:31 | Cannon · age_up castle |
| 11:31 | yuyuyuyuyu · age_up castle |
| 11:38 | 龙门飞甲雨化田 · age_up castle |
| 11:38 | 元子 · age_up castle |
| 12:08 | 直帝选手一碰就碎 · age_up castle |
| 12:32 | 直帝选手一碰就碎 · first_building Monastery |
| 12:40 | yuyuyuyuyu · first_building Monastery |
| 13:02 | black empire lao lei · age_up castle |
| 14:22 | 龙门飞甲雨化田 · first_building Monastery |
| 14:30 | 直帝选手一碰就碎 · first_building Barracks |
| 15:21 | 我的刀盾 · first_market_buy 100 food |
| 15:42 | Cannon · first_market_buy 100 food |
| 17:15 | Cannon · first_building Monastery |
| 17:51 | _LY_抖音肥龙 · first_building Monastery |
| 18:26 | 直帝选手一碰就碎 · first_building Archery Range |
| 18:28 | 我的刀盾 · first_building Siege Workshop |
| 18:29 | 直帝选手一碰就碎 · first_building Stable |
| 19:09 | Cannon · first_market_sell 100 wood |
| 19:31 | Cannon · first_building Barracks |
| 19:57 | 直帝选手一碰就碎 · first_building Castle |
| 20:05 | 元子 · first_market_buy 100 food |
| 20:11 | 我的刀盾 · first_market_sell 100 wood |
| 20:21 | Cannon · first_building Archery Range |
| 20:28 | Cannon · first_building Stable |
| 20:30 | 龙门飞甲雨化田 · first_building Castle |
| 20:55 | black empire lao lei · first_building Barracks |
| 21:05 | 元子 · first_building Monastery |
| 21:18 | 我的刀盾 · first_building Castle |
| 21:47 | 元子 · first_building Castle |
| 21:54 | 龙门飞甲雨化田 · first_building Barracks |
| 21:54 | black empire lao lei · first_building Monastery |
| 21:55 | yuyuyuyuyu · first_building Castle |
| 22:06 | 元子 · first_building Barracks |
| 22:07 | _LY_抖音肥龙 · first_market_buy 100 food |
| 22:16 | 龙门飞甲雨化田 · wall_segment Palisade Wall x1 |
| 22:17 | yuyuyuyuyu · first_market_sell 100 wood |
| 22:21 | black empire lao lei · first_building Archery Range |
| 22:31 | Cannon · age_up imperial |
| 22:49 | Cannon · first_building Siege Workshop |
| 22:51 | _LY_抖音肥龙 · first_building Castle |
| 22:56 | 龙门飞甲雨化田 · first_building Archery Range |
| 23:00 | 我的刀盾 · first_building Barracks |
| 23:13 | yuyuyuyuyu · first_building Barracks |
| 23:18 | _LY_抖音肥龙 · first_building Barracks |
| 23:22 | 元子 · first_building Stable |
| 23:29 | Cannon · first_building Castle |
| 23:44 | 我的刀盾 · age_up imperial |
| 23:46 | black empire lao lei · first_building Castle |
| 23:47 | yuyuyuyuyu · first_building Stable |
| 23:59 | _LY_抖音肥龙 · first_building Archery Range |
| 24:30 | 直帝选手一碰就碎 · age_up imperial |
| 24:54 | 元子 · age_up imperial |
| 24:57 | 直帝选手一碰就碎 · first_market_sell 100 wood |
| 25:06 | 元子 · first_building Siege Workshop |
| 25:23 | _LY_抖音肥龙 · age_up imperial |
| 25:28 | 元子 · wall_segment Stone Wall x1 |
| 25:28 | 龙门飞甲雨化田 · first_building Stable |
| 25:34 | 元子 · wall_segment Stone Wall x1 |
| 25:38 | yuyuyuyuyu · age_up imperial |
| 25:56 | 龙门飞甲雨化田 · age_up imperial |
| 25:58 | black empire lao lei · age_up imperial |
| 26:08 | 直帝选手一碰就碎 · tribute_sent a jugador 1 |
| 26:08 | 直帝选手一碰就碎 · tribute_sent a jugador 2 |
| 26:08 | 直帝选手一碰就碎 · tribute_sent a jugador 3 |
| 26:08 | 直帝选手一碰就碎 · tribute_sent a jugador 4 |
| 26:08 | 直帝选手一碰就碎 · tribute_sent a jugador 5 |
| 26:08 | 直帝选手一碰就碎 · tribute_sent a jugador 6 |
| 26:08 | 直帝选手一碰就碎 · tribute_sent a jugador 8 |
| 26:25 | yuyuyuyuyu · first_building Siege Workshop |
| 27:49 | black empire lao lei · first_building Siege Workshop |
| 28:49 | 龙门飞甲雨化田 · first_market_sell 100 wood |
| 29:06 | yuyuyuyuyu · first_market_buy 100 stone |
| 30:31 | _LY_抖音肥龙 · tribute_sent a jugador 2 |
| 30:31 | _LY_抖音肥龙 · tribute_sent a jugador 3 |
| 30:31 | _LY_抖音肥龙 · tribute_sent a jugador 4 |
| 30:31 | _LY_抖音肥龙 · tribute_sent a jugador 5 |
| 30:31 | _LY_抖音肥龙 · tribute_sent a jugador 6 |
| 30:31 | _LY_抖音肥龙 · tribute_sent a jugador 7 |
| 30:31 | _LY_抖音肥龙 · tribute_sent a jugador 8 |
| 31:16 | _LY_抖音肥龙 · tribute_sent a jugador 2 |
| 31:16 | _LY_抖音肥龙 · tribute_sent a jugador 3 |
| 31:16 | _LY_抖音肥龙 · tribute_sent a jugador 4 |
| 31:16 | _LY_抖音肥龙 · tribute_sent a jugador 5 |
| 31:16 | _LY_抖音肥龙 · tribute_sent a jugador 6 |
| 31:16 | _LY_抖音肥龙 · tribute_sent a jugador 7 |
| 31:16 | _LY_抖音肥龙 · tribute_sent a jugador 8 |
| 31:54 | 我的刀盾 · first_building Archery Range |
| 32:02 | 龙门飞甲雨化田 · first_building Siege Workshop |
| 32:03 | _LY_抖音肥龙 · tribute_sent a jugador 2 |
| 32:03 | _LY_抖音肥龙 · tribute_sent a jugador 3 |
| 32:03 | _LY_抖音肥龙 · tribute_sent a jugador 4 |
| 32:03 | _LY_抖音肥龙 · tribute_sent a jugador 5 |
| 32:03 | _LY_抖音肥龙 · tribute_sent a jugador 6 |
| 32:03 | _LY_抖音肥龙 · tribute_sent a jugador 7 |
| 32:03 | _LY_抖音肥龙 · tribute_sent a jugador 8 |
| 34:04 | _LY_抖音肥龙 · tribute_sent a jugador 2 |
| 34:04 | _LY_抖音肥龙 · tribute_sent a jugador 3 |
| 34:04 | _LY_抖音肥龙 · tribute_sent a jugador 4 |
| 34:04 | _LY_抖音肥龙 · tribute_sent a jugador 5 |
| 34:04 | _LY_抖音肥龙 · tribute_sent a jugador 6 |
| 34:04 | _LY_抖音肥龙 · tribute_sent a jugador 7 |
| 34:04 | _LY_抖音肥龙 · tribute_sent a jugador 8 |
| 34:35 | Cannon · tribute_sent a jugador 1 |
| 34:35 | Cannon · tribute_sent a jugador 2 |
| 34:35 | Cannon · tribute_sent a jugador 3 |
| 34:35 | Cannon · tribute_sent a jugador 4 |
| 34:35 | Cannon · tribute_sent a jugador 5 |
| 34:35 | Cannon · tribute_sent a jugador 7 |
| 34:35 | Cannon · tribute_sent a jugador 8 |
| 34:56 | 元子 · wall_segment Stone Wall x12 |
| 35:33 | 我的刀盾 · wall_segment Stone Wall x1 |
| 35:39 | _LY_抖音肥龙 · tribute_sent a jugador 2 |
| 35:39 | _LY_抖音肥龙 · tribute_sent a jugador 3 |
| 35:39 | _LY_抖音肥龙 · tribute_sent a jugador 4 |
| 35:39 | _LY_抖音肥龙 · tribute_sent a jugador 5 |
| 35:39 | _LY_抖音肥龙 · tribute_sent a jugador 6 |
| 35:39 | _LY_抖音肥龙 · tribute_sent a jugador 7 |
| 35:39 | _LY_抖音肥龙 · tribute_sent a jugador 8 |
| 36:51 | 龙门飞甲雨化田 · tribute_sent a jugador 1 |
| 36:51 | 龙门飞甲雨化田 · tribute_sent a jugador 2 |
| 36:51 | 龙门飞甲雨化田 · tribute_sent a jugador 3 |
| 36:51 | 龙门飞甲雨化田 · tribute_sent a jugador 5 |
| 36:51 | 龙门飞甲雨化田 · tribute_sent a jugador 6 |
| 36:51 | 龙门飞甲雨化田 · tribute_sent a jugador 7 |
| 36:51 | 龙门飞甲雨化田 · tribute_sent a jugador 8 |
| 36:58 | _LY_抖音肥龙 · tribute_sent a jugador 2 |
| 36:58 | _LY_抖音肥龙 · tribute_sent a jugador 3 |
| 36:58 | _LY_抖音肥龙 · tribute_sent a jugador 4 |
| 36:58 | _LY_抖音肥龙 · tribute_sent a jugador 5 |
| 36:58 | _LY_抖音肥龙 · tribute_sent a jugador 6 |
| 36:58 | _LY_抖音肥龙 · tribute_sent a jugador 7 |
| 36:58 | _LY_抖音肥龙 · tribute_sent a jugador 8 |
| 37:06 | _LY_抖音肥龙 · tribute_sent a jugador 2 |
| 37:06 | _LY_抖音肥龙 · tribute_sent a jugador 3 |
| 37:06 | _LY_抖音肥龙 · tribute_sent a jugador 4 |
| 37:06 | _LY_抖音肥龙 · tribute_sent a jugador 5 |
| 37:06 | _LY_抖音肥龙 · tribute_sent a jugador 6 |
| 37:06 | _LY_抖音肥龙 · tribute_sent a jugador 7 |
| 37:06 | _LY_抖音肥龙 · tribute_sent a jugador 8 |
| 37:39 | _LY_抖音肥龙 · first_building Siege Workshop |
| 38:57 | _LY_抖音肥龙 · tribute_sent a jugador 2 |
| 38:57 | _LY_抖音肥龙 · tribute_sent a jugador 3 |
| 38:57 | _LY_抖音肥龙 · tribute_sent a jugador 4 |
| 38:57 | _LY_抖音肥龙 · tribute_sent a jugador 5 |
| 38:57 | _LY_抖音肥龙 · tribute_sent a jugador 6 |
| 38:57 | _LY_抖音肥龙 · tribute_sent a jugador 7 |
| 38:57 | _LY_抖音肥龙 · tribute_sent a jugador 8 |
| 39:15 | black empire lao lei · tribute_sent a jugador 1 |
| 39:15 | black empire lao lei · tribute_sent a jugador 3 |
| 39:15 | black empire lao lei · tribute_sent a jugador 4 |
| 39:15 | black empire lao lei · tribute_sent a jugador 5 |
| 39:15 | black empire lao lei · tribute_sent a jugador 6 |
| 39:15 | black empire lao lei · tribute_sent a jugador 7 |
| 39:15 | black empire lao lei · tribute_sent a jugador 8 |
| 41:40 | 龙门飞甲雨化田 · tribute_sent a jugador 1 |
| 41:40 | 龙门飞甲雨化田 · tribute_sent a jugador 2 |
| 41:40 | 龙门飞甲雨化田 · tribute_sent a jugador 3 |
| 41:40 | 龙门飞甲雨化田 · tribute_sent a jugador 5 |
| 41:40 | 龙门飞甲雨化田 · tribute_sent a jugador 6 |
| 41:40 | 龙门飞甲雨化田 · tribute_sent a jugador 7 |
| 41:40 | 龙门飞甲雨化田 · tribute_sent a jugador 8 |
| 42:31 | _LY_抖音肥龙 · tribute_sent a jugador 2 |
| 42:31 | _LY_抖音肥龙 · tribute_sent a jugador 3 |
| 42:31 | _LY_抖音肥龙 · tribute_sent a jugador 4 |
| 42:31 | _LY_抖音肥龙 · tribute_sent a jugador 5 |
| 42:31 | _LY_抖音肥龙 · tribute_sent a jugador 6 |
| 42:31 | _LY_抖音肥龙 · tribute_sent a jugador 7 |
| 42:31 | _LY_抖音肥龙 · tribute_sent a jugador 8 |
| 43:20 | 龙门飞甲雨化田 · tribute_sent a jugador 1 |
| 43:20 | 龙门飞甲雨化田 · tribute_sent a jugador 2 |
| 43:20 | 龙门飞甲雨化田 · tribute_sent a jugador 3 |
| 43:20 | 龙门飞甲雨化田 · tribute_sent a jugador 5 |
| 43:20 | 龙门飞甲雨化田 · tribute_sent a jugador 6 |
| 43:20 | 龙门飞甲雨化田 · tribute_sent a jugador 7 |
| 43:20 | 龙门飞甲雨化田 · tribute_sent a jugador 8 |
| 45:12 | 龙门飞甲雨化田 · tribute_sent a jugador 1 |
| 45:12 | 龙门飞甲雨化田 · tribute_sent a jugador 2 |
| 45:12 | 龙门飞甲雨化田 · tribute_sent a jugador 3 |
| 45:12 | 龙门飞甲雨化田 · tribute_sent a jugador 5 |
| 45:12 | 龙门飞甲雨化田 · tribute_sent a jugador 6 |
| 45:12 | 龙门飞甲雨化田 · tribute_sent a jugador 7 |
| 45:12 | 龙门飞甲雨化田 · tribute_sent a jugador 8 |
| 45:44 | black empire lao lei · tribute_sent a jugador 1 |
| 45:44 | black empire lao lei · tribute_sent a jugador 3 |
| 45:44 | black empire lao lei · tribute_sent a jugador 4 |
| 45:44 | black empire lao lei · tribute_sent a jugador 5 |
| 45:45 | black empire lao lei · tribute_sent a jugador 6 |
| 45:45 | black empire lao lei · tribute_sent a jugador 7 |
| 45:45 | black empire lao lei · tribute_sent a jugador 8 |
| 46:11 | _LY_抖音肥龙 · tribute_sent a jugador 2 |
| 46:11 | _LY_抖音肥龙 · tribute_sent a jugador 3 |
| 46:11 | _LY_抖音肥龙 · tribute_sent a jugador 4 |
| 46:11 | _LY_抖音肥龙 · tribute_sent a jugador 5 |
| 46:11 | _LY_抖音肥龙 · tribute_sent a jugador 6 |
| 46:11 | _LY_抖音肥龙 · tribute_sent a jugador 7 |
| 46:11 | _LY_抖音肥龙 · tribute_sent a jugador 8 |
| 46:42 | 龙门飞甲雨化田 · tribute_sent a jugador 1 |
| 46:42 | 龙门飞甲雨化田 · tribute_sent a jugador 2 |
| 46:42 | 龙门飞甲雨化田 · tribute_sent a jugador 3 |
| 46:42 | 龙门飞甲雨化田 · tribute_sent a jugador 5 |
| 46:42 | 龙门飞甲雨化田 · tribute_sent a jugador 6 |
| 46:42 | 龙门飞甲雨化田 · tribute_sent a jugador 7 |
| 46:42 | 龙门飞甲雨化田 · tribute_sent a jugador 8 |
| 46:53 | black empire lao lei · wall_segment Stone Wall x18 |
| 47:54 | _LY_抖音肥龙 · tribute_sent a jugador 2 |
| 47:54 | _LY_抖音肥龙 · tribute_sent a jugador 3 |
| 47:54 | _LY_抖音肥龙 · tribute_sent a jugador 4 |
| 47:54 | _LY_抖音肥龙 · tribute_sent a jugador 5 |
| 47:54 | _LY_抖音肥龙 · tribute_sent a jugador 6 |
| 47:54 | _LY_抖音肥龙 · tribute_sent a jugador 7 |
| 47:54 | _LY_抖音肥龙 · tribute_sent a jugador 8 |
| 48:41 | 龙门飞甲雨化田 · wall_segment Stone Wall x8 |
| 48:45 | 直帝选手一碰就碎 · first_building Siege Workshop |
| 48:59 | _LY_抖音肥龙 · tribute_sent a jugador 2 |
| 48:59 | _LY_抖音肥龙 · tribute_sent a jugador 3 |
| 48:59 | _LY_抖音肥龙 · tribute_sent a jugador 4 |
| 48:59 | _LY_抖音肥龙 · tribute_sent a jugador 5 |
| 48:59 | _LY_抖音肥龙 · tribute_sent a jugador 6 |
| 48:59 | _LY_抖音肥龙 · tribute_sent a jugador 7 |
| 48:59 | _LY_抖音肥龙 · tribute_sent a jugador 8 |
| 49:40 | Cannon · wall_segment Stone Wall x4 |
| 49:42 | 龙门飞甲雨化田 · tribute_sent a jugador 1 |
| 49:42 | 龙门飞甲雨化田 · tribute_sent a jugador 2 |
| 49:42 | 龙门飞甲雨化田 · tribute_sent a jugador 3 |
| 49:42 | 龙门飞甲雨化田 · tribute_sent a jugador 5 |
| 49:42 | 龙门飞甲雨化田 · tribute_sent a jugador 6 |
| 49:42 | 龙门飞甲雨化田 · tribute_sent a jugador 7 |
| 49:42 | 龙门飞甲雨化田 · tribute_sent a jugador 8 |
| 52:21 | 龙门飞甲雨化田 · tribute_sent a jugador 1 |
| 52:21 | 龙门飞甲雨化田 · tribute_sent a jugador 2 |
| 52:21 | 龙门飞甲雨化田 · tribute_sent a jugador 3 |
| 52:21 | 龙门飞甲雨化田 · tribute_sent a jugador 5 |
| 52:21 | 龙门飞甲雨化田 · tribute_sent a jugador 6 |
| 52:21 | 龙门飞甲雨化田 · tribute_sent a jugador 7 |
| 52:21 | 龙门飞甲雨化田 · tribute_sent a jugador 8 |
| 52:24 | black empire lao lei · wall_segment Stone Wall x31 |
| 52:44 | _LY_抖音肥龙 · tribute_sent a jugador 2 |
| 52:44 | _LY_抖音肥龙 · tribute_sent a jugador 3 |
| 52:44 | _LY_抖音肥龙 · tribute_sent a jugador 4 |
| 52:44 | _LY_抖音肥龙 · tribute_sent a jugador 5 |
| 52:44 | _LY_抖音肥龙 · tribute_sent a jugador 6 |
| 52:44 | _LY_抖音肥龙 · tribute_sent a jugador 7 |
| 52:44 | _LY_抖音肥龙 · tribute_sent a jugador 8 |
| 53:40 | _LY_抖音肥龙 · tribute_sent a jugador 2 |
| 53:40 | _LY_抖音肥龙 · tribute_sent a jugador 3 |
| 53:40 | _LY_抖音肥龙 · tribute_sent a jugador 4 |
| 53:40 | _LY_抖音肥龙 · tribute_sent a jugador 5 |
| 53:40 | _LY_抖音肥龙 · tribute_sent a jugador 6 |
| 53:40 | _LY_抖音肥龙 · tribute_sent a jugador 7 |
| 53:40 | _LY_抖音肥龙 · tribute_sent a jugador 8 |
| 53:43 | yuyuyuyuyu · tribute_sent a jugador 1 |
| 53:43 | yuyuyuyuyu · tribute_sent a jugador 2 |
| 53:43 | yuyuyuyuyu · tribute_sent a jugador 3 |
| 53:43 | yuyuyuyuyu · tribute_sent a jugador 4 |
| 53:43 | yuyuyuyuyu · tribute_sent a jugador 6 |
| 53:43 | yuyuyuyuyu · tribute_sent a jugador 7 |
| 53:43 | yuyuyuyuyu · tribute_sent a jugador 8 |
| 54:46 | Cannon · wall_segment Stone Wall x5 |
| 55:41 | Cannon · tribute_sent a jugador 1 |
| 55:41 | Cannon · tribute_sent a jugador 2 |
| 55:41 | Cannon · tribute_sent a jugador 3 |
| 55:41 | Cannon · tribute_sent a jugador 4 |
| 55:41 | Cannon · tribute_sent a jugador 5 |
| 55:41 | Cannon · tribute_sent a jugador 7 |
| 55:41 | Cannon · tribute_sent a jugador 8 |
| 56:11 | black empire lao lei · wall_segment Stone Wall x3 |
| 56:13 | black empire lao lei · wall_segment Stone Wall x6 |
| 58:00 | Cannon · wall_segment Stone Wall x1 |
| 58:08 | _LY_抖音肥龙 · tribute_sent a jugador 2 |
| 58:08 | _LY_抖音肥龙 · tribute_sent a jugador 3 |
| 58:08 | _LY_抖音肥龙 · tribute_sent a jugador 4 |
| 58:08 | _LY_抖音肥龙 · tribute_sent a jugador 5 |
| 58:08 | _LY_抖音肥龙 · tribute_sent a jugador 6 |
| 58:08 | _LY_抖音肥龙 · tribute_sent a jugador 7 |
| 58:08 | _LY_抖音肥龙 · tribute_sent a jugador 8 |
| 58:22 | 龙门飞甲雨化田 · tribute_sent a jugador 1 |
| 58:22 | 龙门飞甲雨化田 · tribute_sent a jugador 2 |
| 58:22 | 龙门飞甲雨化田 · tribute_sent a jugador 3 |
| 58:22 | 龙门飞甲雨化田 · tribute_sent a jugador 5 |
| 58:22 | 龙门飞甲雨化田 · tribute_sent a jugador 6 |
| 58:22 | 龙门飞甲雨化田 · tribute_sent a jugador 7 |
| 58:22 | 龙门飞甲雨化田 · tribute_sent a jugador 8 |
| 58:56 | 元子 · first_market_sell 500 food |
| 59:31 | 我的刀盾 · first_building Stable |
| 59:57 | _LY_抖音肥龙 · tribute_sent a jugador 2 |
| 59:57 | _LY_抖音肥龙 · tribute_sent a jugador 3 |
| 59:57 | _LY_抖音肥龙 · tribute_sent a jugador 4 |
| 59:57 | _LY_抖音肥龙 · tribute_sent a jugador 5 |
| 59:57 | _LY_抖音肥龙 · tribute_sent a jugador 6 |
| 59:57 | _LY_抖音肥龙 · tribute_sent a jugador 7 |
| 59:57 | _LY_抖音肥龙 · tribute_sent a jugador 8 |
| 60:02 | Cannon · wall_segment Stone Wall x1 |
| 60:50 | yuyuyuyuyu · tribute_sent a jugador 1 |
| 60:50 | yuyuyuyuyu · tribute_sent a jugador 2 |
| 60:50 | yuyuyuyuyu · tribute_sent a jugador 3 |
| 60:50 | yuyuyuyuyu · tribute_sent a jugador 4 |
| 60:50 | yuyuyuyuyu · tribute_sent a jugador 6 |
| 60:50 | yuyuyuyuyu · tribute_sent a jugador 7 |
| 60:50 | yuyuyuyuyu · tribute_sent a jugador 8 |
| 61:25 | yuyuyuyuyu · tribute_sent a jugador 1 |
| 61:25 | yuyuyuyuyu · tribute_sent a jugador 2 |
| 61:25 | yuyuyuyuyu · tribute_sent a jugador 3 |
| 61:25 | yuyuyuyuyu · tribute_sent a jugador 4 |
| 61:25 | yuyuyuyuyu · tribute_sent a jugador 6 |
| 61:25 | yuyuyuyuyu · tribute_sent a jugador 7 |
| 61:25 | yuyuyuyuyu · tribute_sent a jugador 8 |
| 61:26 | black empire lao lei · wall_segment Stone Wall x6 |
| 61:39 | yuyuyuyuyu · tribute_sent a jugador 1 |
| 61:39 | yuyuyuyuyu · tribute_sent a jugador 2 |
| 61:39 | yuyuyuyuyu · tribute_sent a jugador 3 |
| 61:39 | yuyuyuyuyu · tribute_sent a jugador 4 |
| 61:39 | yuyuyuyuyu · tribute_sent a jugador 6 |
| 61:39 | yuyuyuyuyu · tribute_sent a jugador 7 |
| 61:39 | yuyuyuyuyu · tribute_sent a jugador 8 |
| 63:23 | yuyuyuyuyu · tribute_sent a jugador 1 |
| 63:23 | yuyuyuyuyu · tribute_sent a jugador 2 |
| 63:23 | yuyuyuyuyu · tribute_sent a jugador 3 |
| 63:23 | yuyuyuyuyu · tribute_sent a jugador 4 |
| 63:23 | yuyuyuyuyu · tribute_sent a jugador 6 |
| 63:23 | yuyuyuyuyu · tribute_sent a jugador 7 |
| 63:23 | yuyuyuyuyu · tribute_sent a jugador 8 |
| 65:37 | _LY_抖音肥龙 · tribute_sent a jugador 2 |
| 65:37 | _LY_抖音肥龙 · tribute_sent a jugador 3 |
| 65:37 | _LY_抖音肥龙 · tribute_sent a jugador 4 |
| 65:37 | _LY_抖音肥龙 · tribute_sent a jugador 5 |
| 65:37 | _LY_抖音肥龙 · tribute_sent a jugador 6 |
| 65:37 | _LY_抖音肥龙 · tribute_sent a jugador 7 |
| 65:37 | _LY_抖音肥龙 · tribute_sent a jugador 8 |
| 65:42 | black empire lao lei · tribute_sent a jugador 1 |
| 65:42 | black empire lao lei · tribute_sent a jugador 3 |
| 65:42 | black empire lao lei · tribute_sent a jugador 4 |
| 65:42 | black empire lao lei · tribute_sent a jugador 5 |
| 65:42 | black empire lao lei · tribute_sent a jugador 6 |
| 65:42 | black empire lao lei · tribute_sent a jugador 7 |
| 65:42 | black empire lao lei · tribute_sent a jugador 8 |
| 67:07 | Cannon · resign |
[ AI ANALYSIS · 1 CREDIT ]
What really happened in this match?
Wolo.gg analyzes every decision: build order, eco, micro, common mistakes by bracket. Personalized analysis on WhatsApp or Discord in 30 seconds.
Civ guide
Turks
Map guide
QS Arena
Perfil
元子